 Dungeon Crawl Stone Soup version 0.27-a0-1595-g0b823d0a13 (webtiles) character file.

Game seed: 3549123236114230111

1876 MisterFreud the Carver (level 8, -14/74 HPs)
             Began as a Minotaur Abyssal Knight on July 20, 2021.
             Was a Priest of Lugonu.
             Demolished by a gargoyle (21 damage)
             ... on level 6 of the Dungeon.
             The game lasted 00:06:45 (4874 turns).

MisterFreud the Carver (Minotaur Abyssal Knight)    Turns: 4874, Time: 00:06:45

Health: -14/74     AC: 10    Str: 19    XL:     8   Next: 91%
Magic:  11/11      EV:  8    Int:  9    God:    Lugonu [***...]
Gold:   274        SH:  0    Dex: 10    Spells: 7/7 levels left

rFire    . . .     SeeInvis .   G - +0 scimitar
rCold    . . .     Faith    .   (no shield)
rNeg     . . .     Spirit   .   v - +0 chain mail
rPois    +         Reflect  .   (helmet restricted)
rElec    .         Harm     .   (no cloak)
rCorr    .         Rampage  .   (no gloves)
Will     .....                  (no boots)
Stlth    ..........             f - amulet of regeneration
HPRegen  1.22/turn              h - ring of poison resistance
MPRegen  0.12/turn              (no ring)

@: no status effects
A: horns 2, retaliatory headbutt
a: Renounce Religion, Depart the Abyss, Bend Space, Banish


You were on level 6 of the Dungeon.
You worshipped Lugonu.
Lugonu was most pleased with you.
You visited 1 branch of the dungeon, and saw 7 of its levels.
You visited the Abyss 1 time.

You collected 274 gold pieces.

Inventory:

Hand Weapons
 a - a +1 falchion
 x - the +3 sling "Punk" {acid, rCorr}
   (You found it on level 6 of the Dungeon)

   Any ammunition fired from it is coated in acid, damaging and corroding those
   it strikes.
   rCorr:     It protects you from acid and corrosion.
 G - a +0 scimitar (weapon)
Missiles
 z - 2 throwing nets
 A - 48 sling bullets
 B - 78 stones
Armour
 b - a +0 leather armour
 v - a +0 chain mail (worn)
Jewellery
 f - an amulet of regeneration (around neck)
 h - a ring of poison resistance (left hand)
 k - a ring of wizardry
Wands
 y - a wand of flame (13)
 D - a wand of paralysis (13)
Scrolls
 c - a scroll of enchant weapon {unknown}
 e - a scroll of magic mapping {unknown}
 i - a scroll of fear {unknown}
 l - 5 scrolls of identify {unknown}
 o - a scroll of blinking {unknown}
 p - 3 scrolls of enchant armour {unknown}
 q - 2 scrolls of brand weapon {unknown}
 s - a scroll of acquirement {unknown}
 t - 2 scrolls of noise {unknown}
 u - a scroll of teleportation {unknown}
 w - a scroll of torment {unknown}
 F - a scroll of holy word {unknown}
Potions
 d - a potion of attraction {unknown}
 g - a potion of heal wounds {unknown}
 j - a potion of magic {unknown}
 m - a potion of might {unknown}
 n - 2 potions of invisibility {unknown}
 r - a potion of haste {unknown}
 C - a potion of cancellation {unknown}
 E - a potion of degeneration {unknown}


   Skills:
 - Level 8.0 Fighting
 - Level 8.0 Long Blades
 + Level 2.6 Slings
 - Level 6.0 Armour
 - Level 1.1 Dodging
 + Level 5.7 Invocations


You had 7 spell levels left.
You didn't know any spells.
Your spell library contained the following spells:

 Spells                   Type           Power      Damage    Failure   Level
 Animate Skeleton         Necr           0%         N/A       99%         1
 Apportation              Tloc           0%         N/A       99%         1
 Corona                   Hex            0%         N/A       99%         1
 Pain                     Necr           0%         1d4       99%         1
 Shock                    Conj/Air       0%         1d3       99%         1
 Summon Small Mammal      Summ           0%         N/A       99%         1
 Dazzling Flash           Conj/Hex       0%         N/A       100%        3
 Swiftness                Air            0%         N/A       100%        3
 Vampiric Draining        Necr           0%         2d6       100%        3
 Airstrike                Air            0%         N/A       100%        4
 Iskenderun's Mystic Bla  Conj/Tloc      0%         2d3       100%        4
 Agony                    Necr           0%         N/A       100%        5
 Excruciating Wounds      Necr           0%         N/A       100%        5
 Starburst                Conj/Fire      0%         8x6d3     100%        6


Dungeon Overview and Level Annotations

Branches:
Dungeon (7/15)
 Temple: D:4-7

Altars:
Vehumet
Yredelemnul

Annotations:
D:4 3 runed translucent doors, wineyard's ghost, weakling VSDe


Innate Abilities, Weirdness & Mutations

You have a pair of horns on your head.
You reflexively headbutt those who attack you in melee.


Message History

The stone arrow misses you.
You hit the gargoyle. You headbutt the gargoyle.
The gargoyle is moderately damaged.
The gargoyle hits you but does no damage.
You barely miss the gargoyle.
The gargoyle is lightly damaged.
The gargoyle hits you with a +0 morningstar.
You hit the gargoyle but do no damage.
The gargoyle is lightly damaged.
The gargoyle hits you with a +0 morningstar!!
You hit the gargoyle but do no damage.
The gargoyle is lightly damaged.
The centaur zombie barely misses you.
You riposte.
You hit the centaur zombie. You headbutt the centaur zombie.
The centaur zombie is lightly damaged.
The centaur zombie completely misses you.
The gargoyle hits you with a +0 morningstar.
The water moccasin zombie bites you.
The centaur zombie hits you but does no damage.
The centaur zombie closely misses you. The water moccasin zombie bites you.
The gargoyle barely misses you.
You climb upwards.
There is a stone staircase leading down here.
You hit the gargoyle but do no damage.
The gargoyle is lightly damaged.
The gargoyle hits you with a +0 morningstar!!
You hit the gargoyle but do no damage.
The gargoyle is lightly damaged.
The gargoyle hurls a stone arrow at you.
The stone arrow hits you!
* * * LOW HITPOINT WARNING * * *
You slash the gargoyle!
You headbutt the gargoyle, but do no damage.
The gargoyle is heavily damaged.
The gargoyle hits you with a +0 morningstar!
* * * LOW HITPOINT WARNING * * *
You hit the gargoyle but do no damage.
The gargoyle is heavily damaged.
The gargoyle hits you with a +0 morningstar!!
You die...

......#..# ###.........##........
...#..#..###.......#######....###
#..##....#...###...#####.#...###.
#..##..............##..#.##..#..#
#...........#......###...##..#.##
...................######.####.#.
..........#._.#....##.†.#.###^##.
#.......#..........####.##†##.##.
##......#...#...@..##)..#^P..##..
#####..........9>..##.P^#P.†###..
..###..............##.)P^P^#####.
...#...............####.^..##.##.
...............[...#.....^.#.....
.##.#.##...........#PP.P.^.##....
..####...#.........#P...P.#P#....
.......####...#....###.#.####....
.......# #.#..<...###.^^##......


You could see a gargoyle.

Vanquished Creatures
  Sigmund (D:2)
  A water moccasin (D:6)
  2 black bears
  An ice beast (D:6)
  3 ogres
  A centaur (D:6)
  A phantom (D:5)
  A wyvern zombie (D:6)
  4 scorpions
  A howler monkey (D:4)
  A wight (D:6)
  3 jellies
  2 hounds (D:5)
  A gnoll shaman (D:4)
  2 bullfrog skeletons
  A killer bee zombie (D:6)
  12 gnolls
  6 adders
  An ufetubus (D:6)
  A worm (D:2)
  4 dart slugs
  7 orcs
  7 ball pythons
  11 bats
  4 endoplasms
  4 giant cockroaches
  6 goblins
  8 hobgoblins
  8 jackals
  3 quokkas
  2 frilled lizards (D:1)
  6 kobolds
  6 rats
  A spectral orc (D:3)
123 creatures vanquished.

Vanquished Creatures (others)
  2 fungi (D:6)
2 creatures vanquished.

Grand Total: 125 creatures vanquished

Notes
Turn   | Place    | Note
-------+----------+-------------------------------------------
     0 | Abyss:1  | MisterFreud the Minotaur Abyssal Knight began the quest for
                  | the Orb.
     0 | Abyss:1  | Reached XP level 1. HP: 19/19 MP: 1/1
   147 | Abyss:1  | Noticed a small abomination
   148 | D:1      | Escaped the Abyss
   166 | D:1      | Noticed an electric eel
   167 | D:1      | Noticed an electric eel
   319 | D:1      | Reached XP level 2. HP: 26/26 MP: 2/2
   335 | D:1      | Reached * piety under Lugonu
   401 | D:1      | You fall into a shaft and drop 1 floor!
   474 | D:2      | Found a radiant altar of Vehumet.
   792 | D:2      | You fall into a shaft and drop 1 floor!
   792 | D:3      | Noticed a scorpion
   802 | D:3      | Killed a scorpion
   803 | D:3      | Reached skill level 5 in Long Blades
   803 | D:3      | Reached XP level 3. HP: 22/31 MP: 3/3
   803 | D:3      | Reached XP level 4. HP: 28/39 MP: 4/4
   855 | D:3      | Reached XP level 5. HP: 24/47 MP: 5/5
  1161 | D:2      | Found a faded altar of an unknown god.
  1319 | D:2      | Noticed Sigmund
  1327 | D:2      | Killed Sigmund
  1328 | D:2      | Reached XP level 6. HP: 32/57 MP: 6/6
  1843 | D:2      | Reached ** piety under Lugonu
  2479 | D:3      | Found a basalt altar of Yredelemnul.
  2707 | D:4      | Reached XP level 7. HP: 51/64 MP: 6/8
  2768 | D:4      | Found a runed translucent gate.
  2773 | D:4      | Found a runed translucent gate.
  2773 | D:4      | Found a runed translucent gate.
  3038 | D:4      | Noticed wineyard's ghost (weakling VSDe)
  3434 | D:5      | Entered Level 5 of the Dungeon
  3467 | D:5      | Reached *** piety under Lugonu
  3858 | D:5      | Reached XP level 8. HP: 68/73 MP: 10/10
  3991 | D:6      | Found the +3 sling "Punk" {acid, rCorr}
  4002 | D:6      | Found a radiant altar of Vehumet.
  4295 | D:6      | Reached skill level 5 in Armour
  4295 | D:6      | Reached skill level 5 in Invocations
  4511 | D:6      | Reached skill level 1 in Slings
  4863 | D:7      | Noticed a gargoyle
  4874 | D:6      | Demolished by a gargoyle

Illustrated notes

Levels and vault maps discovered:
D:1:      arrival_aquarium_b, layout_rooms
D:2:      layout_loops_corners, shapermc_ecumenical_altar_mp_highgroup,
          basic_altar, kennysheep_potato, uniq_sigmund
D:3:      layout_basic, yredelemnul_forgotten_temple_becter
D:4:      layout_basic, gammafunk_ghost_split, saegor_snake_ambush
D:5:      layout_loops_cross
D:6:      old_forge, layout_cave_pools, vehumet_altar_wand_db, st_stairs_3,
          kennysheep_generic_room_15
D:7:      layout_loops_ring, minmay_temple_entry_wispy, serial_shops, shop

Skill      XL: |  1  2  3  4  5  6  7  8 |
---------------+-------------------------+-----
Long Blades    | 3 5 6 7 8 |  8.0
Fighting       | 4 6 7 8 |  8.0
Invocations    | 2 3 4 5 |  5.7
Armour         | 3 6 |  6.0
Slings         | 2 |  2.6
Dodging        | |  1.1

Action                   |  1- 3 |  4- 6 |  7- 9 || total
-------------------------+-------+-------+-------++-------
Melee: Falchion          |    40 |   126 |   123 ||   289
       Headbutt          |     8 |    21 |    44 ||    73
       Scimitar          |       |       |    25 ||    25
Invok: Depart the Abyss  |     1 |       |       ||     1
Armor: Leather armour    |    11 |    24 |     7 ||    42
       Chain mail        |       |       |    59 ||    59
Dodge: Dodged            |    40 |    66 |    92 ||   198
       Rpst.: Falchion   |     6 |    19 |    22 ||    47
       Scimitar          |       |       |     5 ||     5

Table legend: (Time is in decaauts)
 A = Elapsed time spent in this place.
 B = Non-inter-level travel time spent in this place.
 C = Inter-level travel time spent in this place.
 D = Time resting spent in this place.
 E = Time spent auto-exploring this place.
 F = Levels seen in this place.
 G = Mean time per level.
                   A        B        C        D        E       F      G
               +--------+--------+--------+--------+--------+-----+--------+
         Total |   4884 |   4585 |    299 |     47 |   3828 |   8 |  610.5 |
       Dungeon |   4734 |   4435 |    299 |     47 |   3680 |   7 |  676.3 |
         Abyss |    149 |    149 |      0 |      0 |    147 |   1 |  149.0 |
               +--------+--------+--------+--------+--------+-----+--------+

Top non-repeatable levels by time:
     D:2: 1024 daAuts
     D:4: 916 daAuts
     D:3: 875 daAuts
     D:6: 711 daAuts
     D:5: 654 daAuts
     D:1: 544 daAuts
 Abyss:1: 149 daAuts
     D:7: 6 daAuts
